 Dungeon Crawl Stone Soup version 0.32-a0-931-g5a2cda0630 (webtiles) character file.

Game seed: 6692802950974224311

7 Biggs the Sneak (level 2, -1/15 HPs)
             Began as a Vine Stalker Brigand on Apr 13, 2024.
             Slain by a quokka (2 damage)
             ... on level 1 of the Dungeon.
             The game lasted 00:00:34 (83 turns).

Biggs the Sneak (Vine Stalker Brigand)                Turns: 83, Time: 00:00:35

Health: -1/15      AC:  3    Str: 13    XL:     2   Next: 4%
Magic:  0/3        EV:  0    Int: 11    God:
Gold:   21         SH:  0    Dex: 15    Spells: 1/1 levels left

rFire   . . .        a - +2 dagger
rCold   . . .        (no shield)
rNeg    . . .        b - +0 robe
rPois   .            (no helmet)
rElec   .            c - +0 cloak
rCorr   .            (no gloves)
SInv    .            (no boots)
Will    .....        (no amulet)
Stlth   +++          (no ring)
HPRegen 1.02/turn    (no ring)
MPRegen 0.08/turn

%: guardian spirit
@: constricted
A: fangs 2, regeneration 1, magic shield, antimagic bite, no potion heal 2
a: no special abilities


You were on level 1 of the Dungeon.
You visited 1 branch of the dungeon, and saw 1 of its levels.

You collected 21 gold pieces.

Inventory:

Hand Weapons
 a - a +2 dagger (weapon)
Missiles
 d - 9 poisoned darts (quivered)
 e - 3 curare-tipped darts
Armour
 b - a +0 robe (worn)
 c - a +0 cloak (worn)
Scrolls
 f - a scroll of enchant armour {unknown}


   Skills:
 - Level 1.7 Fighting
 + Level 2.4 Short Blades
 - Level 1.7 Throwing
 - Level 0.7 Dodging
 - Level 4.8 Stealth


You had one spell level left.
You didn't know any spells.
Your spell library was empty.

Dungeon Overview and Level Annotations

Branches:
Dungeon (1/15)

Altars:


Innate Abilities, Weirdness & Mutations

You have extremely sharp teeth.
Your natural rate of healing is unusually fast.
When hurt, damage is shared between your health and your magic reserves.
Your bite disrupts and absorbs the magic of your enemies.
Potions cannot restore your health.


Message History

The quokka bites you. The kobold closely misses you. The bat barely misses you.
The quokka bites you.
Unknown command.
You barely miss the quokka.
The ball python hisses angrily.
The bat hits you. The quokka misses you.
The kobold hits you but does no damage. The quokka barely misses you.
You barely miss the quokka. The kobold hits you but does no damage.
The kobold shouts!
You hit the quokka but do no damage. The bat closely misses you.
The quokka bites you. The kobold misses you.
The quokka bites you but does no damage.
You barely miss the quokka. You bite the quokka. You drain its power.
You feel invigorated.
The quokka is lightly wounded.
The ball python barely misses you. The ball python closely misses you.
The bat hits you.
The quokka bites you but does no damage.
The kobold hits you with a +0 whip. The ball python misses you. x2
You hit the bat.
You kill the bat!
The quokka bites you. The ball python bites you.
* * * LOW HITPOINT WARNING * * *
The ball python barely misses you.
You have reached level 2!
The quokka closely misses you. The kobold closely misses you.
The quokka attacks as it pursues you!
The quokka bites you but does no damage.
The ball python attacks as it pursues you!
The ball python bites you but does no damage.
The ball python grabs you. The ball python constricts you.
The ball python's grasp on you weakens, but your attempt to escape fails.
The quokka bites you.
* * * LOW HITPOINT WARNING * * *
The ball python bites you.
* * * LOW HITPOINT WARNING * * *
The ball python constricts you.
* * * LOW HITPOINT WARNING * * *
The quokka bites you.
You die...

.# # #.# . #.# ##
###.##### #.
############.......# #.
#...............##.# #.
#......@#.##....##.####.
#...[KSr#.##....##......
#......K#.##............
#.......#.##............
#.......#.......#####.#.
#...............# #.#.
######>##.##.#..# #.#.
#.......#..# #.#>
#.......#>.# ...#


You could see a quokka, a ball python and 2 kobolds.

Vanquished Creatures
  A bat (D:1)
  2 goblins (D:1)
  2 quokkas (D:1)
  A ball python (D:1)
6 creatures vanquished.

Notes
Turn   | Place    | Note
-------+----------+-------------------------------------------
     0 | D:1      | Biggs the Vine Stalker Brigand began the quest for the Orb.
     0 | D:1      | Reached XP level 1. HP: 11/11 MP: 2/2
    80 | D:1      | Reached XP level 2. HP: 3/15 MP: 1/3
    83 | D:1      | Slain by a quokka

Illustrated notes

Levels and vault maps discovered:
D:1:      dpeg_arrival_arbitrary_b, layout_loops_cross

Skill      XL: |  1 |
---------------+----+-----
Short Blades   | 2 |  2.4
Fighting       | |  1.7
Throwing       | |  1.7
Dodging        | |  0.7
Stealth        | |  4.8

Action                     || total
---------------------------++-------
  Melee: Dagger            ||    31
         Bite              ||     4
 Armour: Robe              ||    45
  Dodge: Dodged            ||    45

Table legend: (Time is in decaauts)
 A = Elapsed time spent in this place.
 B = Non-inter-level travel time spent in this place.
 C = Inter-level travel time spent in this place.
 D = Time resting spent in this place.
 E = Time spent auto-exploring this place.
 F = Levels seen in this place.
 G = Mean time per level.
                   A        B        C        D        E       F      G
               +--------+--------+--------+--------+--------+-----+--------+
         Total |     79 |     79 |      0 |      0 |      0 |   1 |   79.0 |
       Dungeon |     79 |     79 |      0 |      0 |      0 |   1 |   79.0 |
               +--------+--------+--------+--------+--------+-----+--------+

Top non-repeatable levels by time:
     D:1: 79 daAuts
